 Dungeon Crawl Stone Soup version 0.28-a0-245-g639a1a48b9 (webtiles) character file.

Game seed: 8992037340470405544

19 Demosthentine the Poker (level 2, 0/23 HPs)
             Began as a Merfolk Gladiator on Aug 24, 2021.
             Slain by a goblin (2 damage)
             ... on level 1 of the Dungeon.
             The game lasted 00:00:34 (628 turns).

Demosthentine the Poker (Merfolk Gladiator)          Turns: 628, Time: 00:00:35

Health: 0/23       AC:  4    Str: 14    XL:     2   Next: 75%
Magic:  2/2        EV: 13    Int:  7    God:
Gold:   0          SH:  0    Dex: 15    Spells: 1/1 levels left

rFire   . . .      SeeInvis .   a - +0 trident
rCold   . . .      Faith    .   (no shield)
rNeg    . . .      Spirit   .   b - +0 leather armour
rPois   .          Reflect  .   c - +0 helmet
rElec   .          Harm     .   (no cloak)
rCorr   .          Rampage  .   (no gloves)
Will    .....                   (no boots)
Stlth   +.........              (no amulet)
HPRegen 0.07/turn               (no ring)
MPRegen 0.08/turn               (no ring)

@: no status effects
A: (nimble swimmer 2), mertail
a: no special abilities


You were on level 1 of the Dungeon.
You visited 1 branch of the dungeon, and saw 1 of its levels.

Inventory:

Hand Weapons
 a - a +0 trident (weapon)
Missiles
 d - 2 throwing nets (quivered)
Armour
 b - a +0 leather armour (worn)
 c - a +0 helmet (worn)
Scrolls
 e - 2 scrolls of teleportation {unknown}
 f - a scroll of brand weapon {unknown}
 g - a scroll of immolation {unknown}


   Skills:
 + Level 2.5 Fighting
 + Level 4.8 Polearms
 - Level 2.0 Throwing
 + Level 0.5 Armour
 + Level 4.3 Dodging


You had one spell level left.
You didn't know any spells.
Your spell library was empty.

Dungeon Overview and Level Annotations

Branches:
Dungeon (1/15)

Altars:

Shops:
D:1 ***=


Innate Abilities, Weirdness & Mutations

((You are quick and stealthy near water. (Stealth+, EV+, Speed+++)))
Your lower body shifts to a powerful aquatic tail in water.


Message History

The goblin is severely wounded.
The goblin closely misses you.
You puncture the goblin!
You kill the goblin!
There are monsters nearby!
You miss the kobold.
The kobold hits you with a +1 whip of electrocution.
You hit the kobold.
The kobold is heavily wounded.
The kobold hits you but does no damage.
You are electrocuted!!
Ouch! That really hurt!
* * * LOW HITPOINT WARNING * * *
The rat bites you but does no damage.
Unknown command.
Unknown command.
The kobold closely misses you. The rat barely misses you.
Unknown command.
Unknown command.
Throw: 3 throwing nets
Press: ? - help, Q - select action Shift-Dir - straight line, f - kobold
Aim: a kobold, wielding a +1 whip of electrocution (heavily wounded, 53% to hit)
You throw a throwing net. The throwing net hits the kobold.
The kobold is caught in the net!
The kobold is heavily wounded.
The kobold struggles against the net.
You catch the helpless kobold completely off-guard!
You hit the kobold but do no damage.
The kobold is heavily wounded.
The kobold struggles against the net.
You strike the helpless kobold from behind!
You hit the kobold but do no damage.
The kobold is heavily wounded.
The kobold struggles against the net.
You catch the helpless kobold completely off-guard!
You hit the kobold.
You kill the kobold!
You barely miss the goblin. The goblin barely misses you.
You closely miss the goblin. The goblin hits you but does no damage.
The goblin hits you with a +0 club.
You die...

. #.#.. #!# . ...#
.# # ###.#..# ###
....#..##.#
......#.#
#######..).####.#
..∩....r........#
######g##..#####
#@##...########
###.####.........
.........########
###.####.# #.# #.#
#.####.##.....#.#.
..#....#......#.#.
#
###.####......#.#.
....###.####....#
#.#


You could see a goblin and a rat.

Vanquished Creatures
  5 ball pythons (D:1)
  3 endoplasms (D:1)
  3 goblins (D:1)
  A hobgoblin (D:1)
  3 kobolds (D:1)
  A bat (D:1)
16 creatures vanquished.

Notes
Turn   | Place    | Note
-------+----------+-------------------------------------------
     0 | D:1      | Demosthentine the Merfolk Gladiator began the quest for the
                  | Orb.
     0 | D:1      | Reached XP level 1. HP: 16/16 MP: 1/1
     7 | D:1      | Found Xili's General Store.
   269 | D:1      | Found Hanepoel's Assorted Antiques.
   354 | D:1      | Reached XP level 2. HP: 23/23 MP: 2/2
   540 | D:1      | Found Jiagos's Jewellery Shoppe.
   613 | D:1      | Found Fetis's General Store.
   628 | D:1      | Slain by a goblin

Illustrated notes

Levels and vault maps discovered:
D:1:      matt_arrival_grand_opening, layout_basic, serial_shops, shop,
          nicolae_lakefront_shop, nicolae_shop_statue_plus,
          nicolae_shop_window_shopping, shop, serial_co_window_serial,
          co_window_paths_a, co_window_corner_a, co_window_paths_a,
          co_window_of_opportunity_a, co_window_paths_b, co_window_broadway_b,
          co_window_corner_b, glass_columns_a, glass_columns_a, glass_columns_a,
          glass_columns_b, minmay_misc_feat_plants, minmay_hexomino_f4

Action                   || total
-------------------------++-------
Melee: Trident           ||    42
Throw: Throwing net      ||     1
 Stab: Held in net/web   ||     3
Armor: Leather armour    ||     8
Dodge: Dodged            ||    22

Table legend: (Time is in decaauts)
 A = Elapsed time spent in this place.
 B = Non-inter-level travel time spent in this place.
 C = Inter-level travel time spent in this place.
 D = Time resting spent in this place.
 E = Time spent auto-exploring this place.
 F = Levels seen in this place.
 G = Mean time per level.
                   A        B        C        D        E       F      G
               +--------+--------+--------+--------+--------+-----+--------+
         Total |    630 |    630 |      0 |      0 |    549 |   1 |  630.0 |
       Dungeon |    630 |    630 |      0 |      0 |    549 |   1 |  630.0 |
               +--------+--------+--------+--------+--------+-----+--------+

Top non-repeatable levels by time:
     D:1: 630 daAuts
